AoeStats
← ASHBORN

Arena

509958709Analyzed
4v4 RM · 3d ago on Sep 28, 2026· 39m 41s· 8 players
Game mode
Random Map
Map size
Large (8 player)
Population
200
Speed
Normal
Resources
Standard
Victory
Conquest
Starting age
Dark Age
Ending age
Imperial Age
RankedLock teamsTeams togetherTeam positionsShared explorationLock speedFull tech treeHidden civsTurbo modeCheats
Victory
Defeat
🇨🇱 Saxons · Chile
1356
+8
🇨🇴 Khmer · Colombia
1240
+13
🇨🇱 Italians · Chile
1052
+20
🇨🇴 Mongols · Colombia
1031
+21
🇹🇷 Armenians · Türkiye
1242
-19
🇸🇪 Persians · Sweden
1178
-16
🇲🇽 Magyars · Mexico
1154
-15
🇹🇷 Khmer · Türkiye
1063
-12
ChetosF
10:42 Feudal Age
15:04 Castle Age
12:57 Double-Bit Axe
14:29 Fletching
16:23 Bodkin Arrow
18:31 Loom
19:38 Padded Archer Armor
24:39 Leather Archer Armor
25:33 Gold Mining
28:48 Thumb Ring
31:39 Wheelbarrow
32:22 Ballistics
36:35 Horse Collar
37:07 Bow Saw
39:33 Gold Shaft Mining
39:18 Bloodlines
39:09 Husbandry
iDISMANTLE
11:22 Feudal Age
10:47 Loom
14:54 Castle Age
13:03 Double-Bit Axe
13:12 Horse Collar
15:08 Loom
24:16 Wheelbarrow
23:45 Heavy Plow
24:20 Bow Saw
24:06 Gold Mining
25:29 Gold Shaft Mining
28:34 Imperial Age
25:50 Town Watch
27:05 Hand Cart
26:51 Town Patrol
27:12 Squires
26:59 Gambesons
27:12 Arson
26:49 Man-at-Arms
27:31 Scale Mail Armor
27:41 Forging
28:00 Stone Mining
28:39 Chain Mail Armor
28:35 Forging
27:51 Pikeman
28:11 Long Swordsman
29:42 Conscription
30:30 Plate Mail Armor
31:01 Fereters
30:20 Two-Handed Swordsman
30:33 Halberdier
32:52 Iron Casting
32:02 Champion
34:32 Blast Furnace
35:03 Fletching
36:06 Bodkin Arrow
36:58 Bracer
ikaros
9:59 Feudal Age
13:32 Castle Age
11:50 Double-Bit Axe
18:35 Loom
22:31 Scale Barding Armor
24:10 Chain Barding Armor
25:07 Forging
26:47 Bloodlines
26:38 Husbandry
37:15 Imperial Age
35:29 Wheelbarrow
34:39 Town Watch
36:41 Hand Cart
36:30 Town Patrol
37:28 Gold Mining
37:55 Cavalier
39:16 Plate Barding Armor
Garbonat Erol
13:11 Feudal Age
16:32 Castle Age
14:40 Loom
14:43 Horse Collar
15:54 Double-Bit Axe
16:53 Wheelbarrow
20:52 Heavy Plow
23:22 Scale Barding Armor
24:10 Forging
25:10 Town Watch
26:34 Tusk Swords
29:55 Fletching
31:23 Hand Cart
31:31 Chain Barding Armor
35:31 Imperial Age
33:08 Padded Archer Armor
34:04 Town Patrol
34:13 Gold Mining
35:38 Bodkin Arrow
35:58 Leather Archer Armor
35:16 Elite Skirmisher
35:36 Elite Ballista Elephant
37:08 Fortified Wall
37:19 Ballistics
38:01 Chemistry
calmilo
10:27 Feudal Age
8:43 Loom
14:01 Castle Age
13:15 Double-Bit Axe
33:48 Imperial Age
31:29 Padded Archer Armor
31:56 Bow Saw
31:28 Horse Collar
33:48 Fletching
35:54 Bodkin Arrow
36:14 Leather Archer Armor
36:39 Gold Mining
36:39 Stone Mining
38:53 Fortified Wall
38:58 Heavy Plow
ASHBORN
10:48 Feudal Age
14:40 Castle Age
13:17 Double-Bit Axe
13:14 Horse Collar
17:12 Bow Saw
19:00 Wheelbarrow
21:44 Gold Mining
22:40 Heavy Plow
25:54 Imperial Age
25:08 Gold Shaft Mining
26:10 Loom
26:37 Elite Battle Elephant
27:32 Bloodlines
28:48 Husbandry
29:09 Scale Barding Armor
29:15 Forging
30:46 Chain Barding Armor
31:28 Town Watch
31:59 Hand Cart
32:37 Iron Casting
32:45 Plate Barding Armor
32:55 Conscription
32:36 Tusk Swords
32:39 Stone Mining
35:17 Blast Furnace
39:50 Stone Shaft Mining
ELEG F3R
9:22 Feudal Age
11:59 Loom
14:43 Castle Age
13:00 Double-Bit Axe
14:33 Horse Collar
17:48 Bow Saw
20:32 Wheelbarrow
25:14 Hand Cart
29:13 Imperial Age
26:32 Town Watch
26:58 Gold Mining
27:23 Town Patrol
27:35 Heavy Plow
28:19 Ballistics
28:07 Crossbowman
28:43 Fletching
28:53 Padded Archer Armor
30:53 Chemistry
30:18 Conscription
30:31 Bodkin Arrow
30:37 Elite Skirmisher
31:31 Bracer
31:54 Capped Ram
32:56 Leather Archer Armor
37:23 Ring Archer Armor
38:50 Light Cavalry
39:41 Bloodlines
39:32 Husbandry
El Chileno del Norte
9:04 Loom
10:49 Feudal Age
12:14 Double-Bit Axe
15:15 Castle Age
12:58 Horse Collar
14:33 Scale Mail Armor
16:42 Bow Saw
17:25 Chain Mail Armor
20:08 Forging
20:34 Arson
21:21 Gold Mining
22:49 Heavy Plow
24:59 Iron Casting
24:50 Squires
30:07 Wheelbarrow
29:18 Town Watch
32:10 Hand Cart
33:22 Gold Shaft Mining
39:20 Imperial Age
36:40 Pikeman
38:21 Stone Mining
Connection lost

Rejoining the realm…

Still unreachable

The connection could not be restored.

Session expired

The server has moved on; the page needs a fresh start.